PIO (24 & UNDER)
SURREY SINNERS @ CHULA VISTA TACOS
07/30/2027
 
TOP OF THE 1ST
Surrey Sinners batting - Pitching for Chula Vista Tacos : LHP Doug Ledoux
Pitching: LHP Doug Ledoux
Batting: SHB Joey Boyd 0-0: Ball
1-0: Ball
2-0: Ball
3-0: Base on Balls
Batting: LHB Jorge Martínez 0-0: Ball
1-0: Ball
2-0: Called Strike
2-1: Foul Ball, location: 2F
2-2: Ball
3-2: Fielders Choice at 2nd, 4-6 (Groundball, 34)
Batting: LHB Randy Wiggins 0-0: Fly out, F7 (Flyball, 78M)
Batting: LHB Juan Hinojosa 0-0: Ball
1-0: Swinging Strike
1-1: Ball
2-1: Fielders Choice at 2nd, 4-6 (Groundball, 4)
Top of the 1st over - 0 run(s), 0 hit(s), 0 error(s), 0 left on base; Surrey 0 - Chula Vista 0
BOTTOM OF THE 1ST
Chula Vista Tacos batting - Pitching for Surrey Sinners : RHP Luis Vargas
Pitching: RHP Luis Vargas
Batting: RHB Manny Torrez 0-0: Called Strike
0-1: Ball
1-1: Foul Ball, location: 2F
1-2: Ground out 6-3 (Groundball, 56)
Batting: RHB Gerald Davis 0-0: Ball
1-0: Ball
2-0: Foul Ball, location: 2F
2-1: Swinging Strike
2-2: Strikes out swinging
Batting: LHB Michael Myers 0-0: Ball
1-0: Ball
2-0: Ball
3-0: Base on Balls
Batting: LHB John White 0-0: Ball
Michael Myers is caught stealing 2nd base
Bottom of the 1st over - 0 run(s), 0 hit(s), 0 error(s), 0 left on base; Surrey 0 - Chula Vista 0
TOP OF THE 2ND
Surrey Sinners batting - Pitching for Chula Vista Tacos : LHP Doug Ledoux
Batting: LHB Francisco Chavero 0-0: Called Strike
0-1: Ball
1-1: Ball
2-1: Ground out U3 (Groundball, 34)
Batting: RHB Dennis House 0-0: Fly out, F4 (Line Drive, 4D)
Batting: RHB Mitchell Darragh 0-0: Swinging Strike
0-1: Called Strike
0-2: Ball
1-2: Foul Ball, location: 2F
1-2: Ball
2-2: Strikes out looking
Top of the 2nd over - 0 run(s), 0 hit(s), 0 error(s), 0 left on base; Surrey 0 - Chula Vista 0
BOTTOM OF THE 2ND
Chula Vista Tacos batting - Pitching for Surrey Sinners : RHP Luis Vargas
Batting: LHB John White 0-0: Fly out, F4 (Popup, 4D)
Batting: RHB Javier González 0-0: Ball
1-0: Ball
2-0: Ground out 5-3 (Groundball, 5)
Batting: LHB Joe Baker 0-0: Ground out 1-3 (Groundball, 13)
Bottom of the 2nd over - 0 run(s), 0 hit(s), 0 error(s), 0 left on base; Surrey 0 - Chula Vista 0
TOP OF THE 3RD
Surrey Sinners batting - Pitching for Chula Vista Tacos : LHP Doug Ledoux
Batting: SHB António Ramos 0-0: Fly out, F7 (Flyball, 78M)
Batting: SHB Juan Carlos Mesa 0-0: Called Strike
0-1: Called Strike
0-2: Strikes out looking
Batting: SHB Joey Boyd 0-0: Ball
1-0: Foul Ball, location: 2F
1-1: Called Strike
1-2: Ball
2-2: Ground out U3 (Groundball, 3)
Top of the 3rd over - 0 run(s), 0 hit(s), 0 error(s), 0 left on base; Surrey 0 - Chula Vista 0
BOTTOM OF THE 3RD
Chula Vista Tacos batting - Pitching for Surrey Sinners : RHP Luis Vargas
Batting: RHB Ray Rogers 0-0: Foul Ball, location: 2F
0-1: Swinging Strike
0-2: Foul Ball, location: 2F
0-2: Strikes out swinging, 2-3 out at first.
Batting: RHB José Oliveira 0-0: SINGLE (Groundball, 6MD)
Batting: LHB Gonzalo Benítez 0-0: Called Strike
0-1: Foul Ball, location: 2F
0-2: Foul Ball, location: 2F
0-2: Foul Ball, location: 2F
0-2: Ball
1-2: Ball
2-2: Ball
3-2: Base on Balls
José Oliveira to second
Batting: RHB Manny Torrez 0-0: Ball
1-0: Ball
2-0: Swinging Strike
2-1: Foul Ball, location: 2F
2-2: Strikes out looking
Batting: RHB Gerald Davis 0-0: Called Strike
0-1: Ball
1-1: Ball
2-1: Ball
3-1: Base on Balls
José Oliveira to third
Gonzalo Benítez to second
Batting: LHB Michael Myers 0-0: Called Strike
0-1: Foul Ball, location: 2F
0-2: SINGLE (Line Drive, 34)
José Oliveira scores
Gonzalo Benítez to third
Gerald Davis to second
Runner from 3rd tries for Home, SAFE, no throw
Batting: LHB John White 0-0: Called Strike
0-1: Foul Ball, location: 2F
0-2: Strikes out swinging
Bottom of the 3rd over - 2 run(s), 2 hit(s), 0 error(s), 2 left on base; Surrey 0 - Chula Vista 2
TOP OF THE 4TH
Surrey Sinners batting - Pitching for Chula Vista Tacos : LHP Doug Ledoux
Batting: LHB Jorge Martínez 0-0: Ball
1-0: Fly out, F3 (Popup, 3L)
Batting: LHB Randy Wiggins 0-0: Swinging Strike
0-1: Swinging Strike
0-2: Ball
1-2: Ball
2-2: Strikes out looking
Batting: LHB Juan Hinojosa 0-0: Ball
1-0: Ball
2-0: Ball
3-0: Base on Balls
Batting: LHB Francisco Chavero 0-0: SINGLE (Groundball, 3D)
Juan Hinojosa to second
Runner from 2nd tries for 3rd, SAFE, no throw
Batting: RHB Dennis House 0-0: Ball
1-0: Called Strike
1-1: Ball
2-1: Ball
3-1: Called Strike
3-2: Base on Balls
Francisco Chavero to second
Batting: RHB Mitchell Darragh 0-0: Called Strike
0-1: Ball
1-1: Fielders Choice at 2nd, 6-4 (Groundball, 6)
Top of the 4th over - 0 run(s), 1 hit(s), 0 error(s), 2 left on base; Surrey 0 - Chula Vista 2
BOTTOM OF THE 4TH
Chula Vista Tacos batting - Pitching for Surrey Sinners : RHP Luis Vargas
Batting: RHB Javier González 0-0: Foul Ball, location: 2F
0-1: Called Strike
0-2: Ball
1-2: Foul Ball, location: 2F
1-2: Foul Ball, location: 2F
1-2: Ball
2-2: Ball
3-2: Foul Ball, location: 2F
3-2: Base on Balls
Batting: LHB Joe Baker 0-0: Ball
1-0: Ball
2-0: Ball
3-0: Called Strike
3-1: Base on Balls
Javier González to second
Batting: RHB Ray Rogers 0-0: SINGLE (Flyball, 78S)
Javier González to third
Joe Baker to second
Runner from 3rd tries for Home, SAFE, no throw
Batting: RHB José Oliveira 0-0: Foul Ball, location: 2F
0-1: SINGLE (Groundball, 56D)
Joe Baker to third
Ray Rogers to second
Runner from 3rd tries for Home, SAFE, no throw
Batting: LHB Gonzalo Benítez 0-0: Swinging Strike
0-1: Foul Ball, location: 2F
0-2: Foul Ball, location: 2F
0-2: Strikes out swinging
Batting: RHB Manny Torrez 0-0: Ball
1-0: Grounds into double play, 6-4-3 (Groundball, 6)
Bottom of the 4th over - 2 run(s), 2 hit(s), 0 error(s), 1 left on base; Surrey 0 - Chula Vista 4
TOP OF THE 5TH
Surrey Sinners batting - Pitching for Chula Vista Tacos : LHP Doug Ledoux
Batting: SHB António Ramos 0-0: Called Strike
0-1: Ball
1-1: Fly out, F8 (Flyball, 8LM)
Batting: SHB Juan Carlos Mesa 0-0: Ball
1-0: Called Strike
1-1: Ball
2-1: Foul Ball, location: 2F
2-2: Ball
3-2: Strikes out swinging, 2-3 out at first.
Batting: SHB Joey Boyd 0-0: Ball
1-0: Ground out 6-3 (Groundball, 6)
Top of the 5th over - 0 run(s), 0 hit(s), 0 error(s), 0 left on base; Surrey 0 - Chula Vista 4
BOTTOM OF THE 5TH
Chula Vista Tacos batting - Pitching for Surrey Sinners : RHP Luis Vargas
Batting: RHB Gerald Davis 0-0: Ball
1-0: Ball
2-0: Foul Ball, location: 2F
2-1: Called Strike
2-2: Foul Ball, location: 2F
2-2: Ground out 4-3 (Groundball, 4S)
Batting: LHB Michael Myers 0-0: Ball
1-0: Ball
2-0: Ball
3-0: Called Strike
3-1: Base on Balls
Batting: LHB John White 0-0: Ball
Michael Myers steals 2nd base
1-0: Intentional Walk
Pitching: RHP Doug Spencer
Batting: RHB Javier González 0-0: Ball
Michael Myers is caught stealing 3rd base
John White to second
1-0: Foul Ball, location: 2F
1-1: Foul Ball, location: 2F
1-2: SINGLE (Line Drive, 8RS)
John White to third
Runner from 3rd tries for Home, SAFE, throw made home
Javier González to second
Batting: LHB Joe Baker 0-0: Ball
1-0: Ball
2-0: Ball
3-0: Called Strike
3-1: Base on Balls
Batting: RHB Ray Rogers 0-0: Foul Ball, location: 2F
0-1: Ball
1-1: Swinging Strike
1-2: Ball
2-2: Strikes out swinging
Bottom of the 5th over - 1 run(s), 1 hit(s), 0 error(s), 2 left on base; Surrey 0 - Chula Vista 5
TOP OF THE 6TH
Surrey Sinners batting - Pitching for Chula Vista Tacos : LHP Doug Ledoux
Batting: LHB Jorge Martínez 0-0: Ball
1-0: Ground out 6-3 (Groundball, 56D)
Batting: LHB Randy Wiggins 0-0: Ball
1-0: SINGLE (Line Drive, 56D)
Batting: LHB Juan Hinojosa 0-0: Ball
1-0: Foul Ball, location: 2F
1-1: Foul Ball, location: 2F
1-2: Ball
2-2: Ball
3-2: Base on Balls
Randy Wiggins to second
Batting: LHB Francisco Chavero 0-0: Swinging Strike
0-1: Fly out, F8 (Line Drive, 8LM)
Batting: RHB Dennis House 0-0: SINGLE (Groundball, 34S) (infield hit)
Randy Wiggins to third
Juan Hinojosa to second
Batting: RHB Mitchell Darragh 0-0: Ball
1-0: Ball
2-0: Called Strike
2-1: Swinging Strike
2-2: Ball
3-2: Strikes out swinging
Top of the 6th over - 0 run(s), 2 hit(s), 0 error(s), 3 left on base; Surrey 0 - Chula Vista 5
BOTTOM OF THE 6TH
Chula Vista Tacos batting - Pitching for Surrey Sinners : RHP Doug Spencer
Batting: RHB José Oliveira 0-0: Ball
1-0: Ball
2-0: Ball
3-0: Called Strike
3-1: Swinging Strike
3-2: SOLO HOME RUN (Flyball, 7D), Distance : 378 ft
Batting: LHB Gonzalo Benítez 0-0: Ball
1-0: Called Strike
1-1: Called Strike
1-2: Strikes out looking
Batting: RHB Manny Torrez 0-0: Called Strike
0-1: Swinging Strike
0-2: Foul Ball, location: 2F
0-2: Ball
1-2: Ball
2-2: Strikes out swinging
Batting: RHB Gerald Davis 0-0: Ball
1-0: Ball
2-0: Ground out 6-3 (Groundball, 6)
Bottom of the 6th over - 1 run(s), 1 hit(s), 0 error(s), 0 left on base; Surrey 0 - Chula Vista 6
TOP OF THE 7TH
Surrey Sinners batting - Pitching for Chula Vista Tacos : LHP Doug Ledoux
Pitching: RHP Carlos Flores
Batting: SHB António Ramos 0-0: Called Strike
0-1: Ball
1-1: SINGLE (Line Drive, 89S)
Batting: SHB Juan Carlos Mesa 0-0: Called Strike
0-1: Called Strike
0-2: Ball
António Ramos steals 2nd base
1-2: Strikes out swinging, 2-3 out at first.
Batting: SHB Joey Boyd 0-0: Ball
1-0: Ball
2-0: Called Strike
2-1: Swinging Strike
2-2: Foul Ball, location: 2F
2-2: Fly out, F6 (Popup, 6MS)
Batting: LHB Jorge Martínez 0-0: Called Strike
0-1: Ball
1-1: Ball
2-1: Ground out 4-3 (Groundball, 4M)
Top of the 7th over - 0 run(s), 1 hit(s), 0 error(s), 1 left on base; Surrey 0 - Chula Vista 6
BOTTOM OF THE 7TH
Chula Vista Tacos batting - Pitching for Surrey Sinners : RHP Doug Spencer
Batting: LHB Michael Myers 0-0: Foul Ball, location: 2F
0-1: Ball
1-1: Called Strike
1-2: Ball
2-2: Ball
3-2: Foul Ball, location: 2F
3-2: Base on Balls
Batting: LHB John White 0-0: Foul Ball, location: 2F
0-1: SINGLE (Groundball, 56D)
Michael Myers to second
Batting: RHB Javier González 0-0: Ball
Michael Myers steals 3rd base
John White to second
1-0: Ball
2-0: Called Strike
2-1: Fly out, F7 (Line Drive, 7LS)
Runner from 3rd tags up, SCORES, no throw
Batting: LHB Joe Baker 0-0: Swinging Strike
0-1: Ball
1-1: Swinging Strike
1-2: Ball
2-2: Foul Ball, location: 2F
2-2: Ball
3-2: Foul Ball, location: 2F
3-2: Strikes out swinging
Batting: RHB Ray Rogers 0-0: Swinging Strike
0-1: Ball
1-1: Ball
2-1: Swinging Strike
2-2: Foul Ball, location: 2F
2-2: Strikes out swinging
Bottom of the 7th over - 1 run(s), 1 hit(s), 0 error(s), 1 left on base; Surrey 0 - Chula Vista 7
TOP OF THE 8TH
Surrey Sinners batting - Pitching for Chula Vista Tacos : RHP Carlos Flores
Now at 1B: Steven Smith
Batting: LHB Randy Wiggins 0-0: Swinging Strike
0-1: Called Strike
0-2: Ball
1-2: Strikes out swinging
Batting: LHB Juan Hinojosa 0-0: Foul Ball, location: 2F
0-1: Ball
1-1: Ball
2-1: Ball
3-1: Foul Ball, location: 2F
3-2: Ground out 5-3 (Groundball, 56S)
Batting: LHB Francisco Chavero 0-0: Foul Ball, location: 2F
0-1: Swinging Strike
0-2: Strikes out swinging
Top of the 8th over - 0 run(s), 0 hit(s), 0 error(s), 0 left on base; Surrey 0 - Chula Vista 7
BOTTOM OF THE 8TH
Chula Vista Tacos batting - Pitching for Surrey Sinners : RHP Doug Spencer
Batting: RHB José Oliveira 0-0: Ground out 1-3 (Groundball, P)
Batting: LHB Gonzalo Benítez 0-0: Ball
1-0: Fly out, F2 (Popup, 34S)
Batting: RHB Manny Torrez 0-0: Called Strike
0-1: Ball
1-1: Ground out 1-3 (Groundball, P)
Bottom of the 8th over - 0 run(s), 0 hit(s), 0 error(s), 0 left on base; Surrey 0 - Chula Vista 7
TOP OF THE 9TH
Surrey Sinners batting - Pitching for Chula Vista Tacos : RHP Carlos Flores
Batting: RHB Dennis House 0-0: Ball
1-0: Foul Ball, location: 2F
1-1: Called Strike
1-2: Ground out 4-3 (Groundball, 4M)
Batting: RHB Mitchell Darragh 0-0: Called Strike
0-1: Ball
1-1: Swinging Strike
1-2: Foul Ball, location: 2F
1-2: Foul Ball, location: 2F
1-2: Foul Ball, location: 2F
1-2: Ball
2-2: SINGLE (Groundball, 4MD)
Batting: SHB António Ramos 0-0: Fly out, F8 (Flyball, 8RS)
Batting: SHB Juan Carlos Mesa 0-0: Called Strike
0-1: Ball
1-1: Foul Ball, location: 2F
Pickoff Throw to First - Out!
Top of the 9th over - 0 run(s), 1 hit(s), 0 error(s), 0 left on base; Surrey 0 - Chula Vista 7
Thursday, March 30th, 2017 - OOTP Baseball 17.12 Build 75